Unix NetHack Version 3.7.0-102 Work-in-progress - last build Apr 6 2024 13:22:21 (d302a6a9ff6341f1a922d8f5af178406b35fdf99,branch:master). Game began 2024-04-30 14:03:51, ended 2024-04-30 14:45:07. radiology, chaotic male elven Wizard ... .... --- -....---..- --.....<@.*f h |.........). G |....G... |.......- |.......| -..0...-- ....... -......- -......| ......| -..0--- --- Radiology the Conjurer St:9 Dx:14 Co:15 In:20 Wi:12 Ch:8 Chaotic S:1572 Dlvl:8 $:198 HP:0(36) Pw:53(53) AC:-2 Xp:5/256 T:4796 Hungry Latest messages: The hobbit shoots a gray stone! A gray stone misses you. You stop eating the gnome lord corpse. The gnome shoots 2 crossbow bolts! The 1st crossbow bolt misses you. You are hit by the 2nd crossbow bolt! The gnome shoots 2 crossbow bolts! The 1st crossbow bolt misses you. The 2nd crossbow bolt misses you. There is a partly eaten gnome lord corpse here; eat it? [ynq] (n) You resume your meal. The hobbit drinks a dark potion! Suddenly you cannot see the hobbit. The gnome shoots 2 crossbow bolts! The 1st crossbow bolt misses you. You stop eating the gnome lord corpse. You are hit by the 2nd crossbow bolt! What do you want to throw? [$aHJR or ?*] In what direction? The dagger hits the dwarf. What do you want to throw? [$aHJR or ?*] In what direction? The potion of oil misses the dwarf. You hear something shatter! What do you want to throw? [$aHJR or ?*] You don't have that object. What do you want to throw? [$aHJR or ?*] You don't have that object. What do you want to throw? [$aHJR or ?*] Never mind. What do you want to throw? [$aHJR or ?*] In what direction? The dagger hits the dwarf. It is missed. You are hit by a gray stone. You hear some noises. What do you want to zap? [S or ?*] In what direction? The wand hits the dwarf! You kill the dwarf! The wand hits it. You kill it! The large cat eats a dwarf corpse. There is a partly eaten gnome lord corpse here; eat it? [ynq] (n) You consume the last bite of your meal. You finish eating the gnome lord corpse. There is a giant spider corpse here; eat it? [ynq] (n) Ecch - that must have been poisonous! You die... Do you want your possessions identified? [ynq] (y) Inventory: Coins $ - 198 gold pieces Weapons J - 5 poisoned +0 crossbow bolts (in quiver pouch) R - a +0 dart H - 2 +0 daggers (wielded) a - a blessed +1 quarterstaff Armor V - a blessed +0 dwarvish iron helm (being worn) L - an uncursed +0 pair of iron shoes (being worn) b - a blessed +2 cloak of magic resistance (being worn) N - an uncursed +0 elven mithril-coat (being worn) Scrolls p - an uncursed scroll of create monster m - an uncursed scroll of earth k - an uncursed scroll of light x - a blessed scroll of remove curse Potions t - an uncursed potion of booze f - an uncursed potion of fruit juice O - an uncursed potion of gain energy Z - a potion of holy water Rings e - an uncursed ring of free action d - an uncursed ring of protection from shape changers Wands S - a wand of striking (0:2) Tools o - an uncursed bell v - an uncursed blindfold y - an uncursed lock pick n - a magic marker (0:9) r - 2 uncursed tallow candles Radiology the Wizard's attributes: Background: You were a Conjurer, a level 5 male elven Wizard. You were chaotic, on a mission for Anhur who was opposed by Ptah (lawful) and Thoth (neutral). You were right-handed. You were in the Gnomish Mines, on level 8. You entered the dungeon 4796 turns ago. You had 256 experience points, 64 more were needed to attain level 6. Your score was 1572 before end-of-game adjustments. Basics: You had 0 out of 36 hit points. You had all 53 energy points (spell power). Your armor class was -2. Your wallet contained 198 zorkmids. Autopickup was on for '$?!/(' plus thrown, with exceptions. Final Characteristics: Your strength was 9 (peak:10, limit:18). Your dexterity was 14 (limit:18). Your constitution was 15 (limit:16). Your intelligence was 20 (limit:20). Your wisdom was 12 (limit:20). Your charisma was 8 (limit:18). Final Status: You were hungry. You were unencumbered. You were wielding daggers. You had basic skill with dagger. Final Attributes: You were piously aligned. You were magic-protected. You were sleep resistant. You had infravision. You were guarded. You are dead. Miscellaneous: You never encountered a bones level. Total elapsed playing time was 41 minutes and 15 seconds. Major events: Turn 1: radiology the chaotic male elven Wizard entered the dungeon 457: entered the Gnomish Mines 2820: reached Mine Town 2962: attained the rank of Conjurer (level 3) 4796: killed by a poisonous corpse Vanquished creatures: a giant spider a gold golem a gnome mummy a rock piercer a rock mole a shrieker 9 gnome leaders a gnomish wizard a straw golem 13 dwarves 2 rothes a giant bat an iguana an acid blob 4 hobbits 3 cave spiders a yellow mold a green mold 41 gnomes a gnome zombie 3 geckos 7 jackals a fox 7 grid bugs 5 lichens 9 newts 118 creatures vanquished. No species were genocided or became extinct. Voluntary challenges: You read items or engraved 6 times. You never engraved Elbereth. You never genocided any monsters. You never polymorphed an object. You never changed form. You used no wishes. Achievements: You entered the Gnomish Mines. You entered Minetown. You attained the rank of Conjurer. You entered a shop. You entered a temple. The Dungeons of Doom: levels 1 to 4 Level 1: Level 2: A fountain, a grave. Stairs down to The Gnomish Mines. Level 3: A grave. Level 4: The Gnomish Mines: levels 3 to 8 Level 3: Level 4: Level 5: A temple and an altar, many fountains. Level 6: Level 7: Level 8: <- You were here. Final resting place for you, killed by a poisonous corpse. Game over: ---------- / \ / REST \ / IN \ / PEACE \ / \ | radiology | | 198 Au | | killed by a | | poisonous corpse | | | | | | 2024 | *| * * * | * _________)/\\_//(\/(/\)/\//\/|_)_______ Goodbye radiology the Wizard... You died in The Gnomish Mines on dungeon level 8 with 1553 points, and 198 pieces of gold, after 4796 moves. You were level 5 with a maximum of 36 hit points when you died.